 Dungeon Crawl Stone Soup version 0.26-a0-812-g31a745ddcd (webtiles) character file.

Game seed: 5338877112406889750

2797 Dracia the Insei (level 9, 0/71 HPs)
             Began as a Black Draconian Transmuter on Nov 30, 2020.
             Was an Initiate of Wu Jian.
             Slain by a killer bee (3 damage)
             ... on level 7 of the Dungeon.
             The game lasted 00:14:38 (7704 turns).

Dracia the Insei (Black Draconian Transmuter)       Turns: 7704, Time: 00:14:38

Health: 0/71       AC:  9    Str: 12    XL:     9   Next: 43%
Magic:  12/14      EV: 16    Int: 15    God:    Wu Jian [......]
Gold:   336        SH:  0    Dex: 20    Spells: 4/14 levels left

rFire    . . .     SeeInvis .     - Unarmed
rCold    . . .     Faith    .   (no shield)
rNeg     . . .     Spirit   .   (armour unavailable)
rPois    .         Reflect  .   (helmet currently unavailable)
rElec    +         Harm     .   f - +0 cloak
rCorr    .         Rampage  .   n - +0 pair of gloves
MR       .....                  (boots currently unavailable)
Stlth    ++........             (no amulet)
HPRegen  0.21/turn              d - +4 ring of evasion
MPRegen  0.14/turn              e - +6 ring of dexterity

@: appendages, wereblooded
A: breathe lightning, unfitting armour, horns 2, talons 2, electricity
resistance, cold-blooded, AC +7
a: Breathe Lightning, End Transformation, Renounce Religion


You were on level 7 of the Dungeon.
You worshipped Wu Jian.
Wu Jian was noncommittal.
You had grown temporary horns.
You had grown temporary talons.
You visited 2 branches of the dungeon, and saw 8 of its levels.

You collected 336 gold pieces.


Innate Abilities, Weirdness & Mutations

You can breathe wild blasts of lightning.
Your glossy black scales are hard. (AC +7)
You cannot fit into any form of body armour.
You are resistant to electric shocks. (rElec)
You are cold-blooded and may be slowed by cold attacks.
You have a pair of horns on your head.
You have razor-sharp toenails.


   Skills:
 + Level 4.2 Fighting
 - Level 1.7 Dodging
 + Level 7.7 Unarmed Combat
 - Level 3.4 Spellcasting
 - Level 7.0 Transmutations
 - Level 7.0 Poison Magic


You had 4 spell levels left.
You knew the following spells:

 Your Spells              Type           Power        Failure   Level
a - Beastly Appendage     Tmut           ###...       1%          1
b - Wereblood             Tmut           ###.....     1%          2
c - Spider Form           Tmut/Pois      ###.......   3%          3
d - Ice Form              Ice/Tmut       ##......     41%         4

Your spell library contained the following spells:

 Spells                   Type           Power        Failure   Level
 Poisonous Vapours        Pois/Air       ##....       7%          2
 Corpse Rot               Necr/Air       N/A          28%         2
 Vampiric Draining        Necr           #.........   50%         3
 Blade Hands              Tmut           ###.......   30%         5
 Simulacrum               Ice/Necr       #.........   100%        6

Inventory:

Missiles
 c - a throwing net {=f}
Armour
 f - a +0 cloak (worn)
 n - a +0 pair of gloves (worn)
 t - a +0 pair of boots
Jewellery
 d - a +4 ring of evasion (left hand)
 e - a +6 ring of dexterity (right hand)
 g - an uncursed ring of positive energy
Wands
 j - a wand of paralysis (7)
 q - a wand of iceblast (12)
 s - a wand of random effects (19)
Scrolls
 h - 8 scrolls of identify {@r1}
 k - a scroll of blinking
 m - a scroll of fear
 r - 2 scrolls of remove curse {@r2}
Potions
 a - a potion of curing {@q1}
 b - 2 potions of heal wounds {@q2}
 i - 2 potions of flight
 l - a potion of lignification {unknown}
 o - a potion of resistance
 p - 2 potions of cancellation {unknown}

Dungeon Overview and Level Annotations

Branches:
Dungeon (7/15)             Temple (1/1) D:4

Altars:
Ashenzari
Cheibriados
Dithmenos
Elyvilon
Fedhas
Gozag
Hepliaklqana
Kikubaaqudgha
Makhleb
Nemelex Xobeh
Okawaru
Qazlal
Ru
Sif Muna
Uskayaw
Vehumet
Wu Jian
Xom
Yredelemnul
Zin
The Shining One

.). .# .. ..# #. ...#
#.#######...# #...........#
#...........>
###########...yo...#
#........##.@.y....#
#........##..y.....#
[................###
#..................
########............##.....
......(..†..........# .....
..[.................# ....
......<.............# $...
....................#


You could see 3 killer bees and an orc.


Message History

The killer bee closely misses you. The killer bee stings you.
* * * LOW HITPOINT WARNING * * *
You are poisoned.
The killer bee poisons you!
You hit the killer bee. You claw the killer bee.
The killer bee is almost dead.
You feel sick. The killer bee stings you!
* * * LOW HITPOINT WARNING * * *
The killer bee misses you. The killer bee stings you.
* * * LOW HITPOINT WARNING * * *
You are more poisoned.
The killer bee poisons you! The killer bee stings you.
* * * LOW HITPOINT WARNING * * *
The orc barely misses you. The killer bee closely misses you.
The killer bee stings you!
* * * LOW HITPOINT WARNING * * *
You are more poisoned.
The killer bee poisons you!
You feel better.
You hear the faint creaking of a distant portcullis.
The killer bee stings you.
* * * LOW HITPOINT WARNING * * *
The killer bee stings you but does no damage.
The killer bee completely misses you. x2; The killer bee closely misses you.
The killer bee stings you.
* * * LOW HITPOINT WARNING * * *
The killer bee completely misses you. The killer bee misses you. x2
You have got your breath back.
The killer bee stings you.
You die...

Skill      XL: |  1  2  3  4  5  6  7  8  9 |
---------------+----------------------------+-----
Unarmed Combat | 4 5 7 |  7.7
Transmutations | 3 4 5 7 |  7.0
Spellcasting   | 3 |  3.4
Poison Magic   | 7 |  7.0
Fighting       | 2 4 |  4.2
Dodging        | |  1.7

Action                   |  1- 3 |  4- 6 |  7- 9 || total
-------------------------+-------+-------+-------++-------
Melee: Unarmed           |    87 |   158 |   313 ||   558
       Kick              |     9 |    26 |    97 ||   132
       Headbutt          |     9 |    16 |    58 ||    83
       Punch             |     1 |     3 |    18 ||    22
       Tailslap          |     8 |    14 |    36 ||    58
 Cast: Beastly Appendage |    14 |    23 |    42 ||    79
       Spider Form       |       |     1 |       ||     1
       Wereblood         |       |     4 |     2 ||     6
Invok: Lunge             |       |       |    20 ||    20
 Abil: Breathe Lightning |       |       |     3 ||     3
  Use: Scroll            |     2 |     6 |     1 ||     9
       Potion            |     2 |     2 |     1 ||     5
 Stab: Sleeping          |       |     4 |     5 ||     9
Armor: Skin              |    19 |    39 |    51 ||   109
Dodge: Dodged            |    49 |   132 |   195 ||   376

Levels and vault maps discovered:
D:1:      psy_arrival_radial02, layout_basic
D:2:      layout_loops_ring, serial_co_window_serial,
          co_window_of_opportunity_a, co_window_paths_b, co_window_paths_a,
          co_window_paths_b, co_window_cross_1, co_window_corner_a,
          co_window_corner_a, co_window_corner_ca, co_window_corner_cb,
          co_window_paths_c, co_window_sun, co_window_4corner_a, uniq_jessica,
          uniq_crazy_yiuf_cottage
D:3:      layout_rooms, serial_co_window_serial, co_window_paths_b,
          co_window_corner_a, co_window_paths_a, co_window_paths_a,
          co_window_corner_a, co_window_paths_a, co_window_of_opportunity_a,
          co_window_of_opportunity_a, co_window_paths_b, co_window_2corner,
          co_window_corner_b, co_window_cross_4, co_window_unsneaky_path_a,
          co_window_of_opportunity_b, co_window_corner_cb, co_window_paths_e,
          co_window_paths_d, glass_columns_a, glass_columns_a, glass_columns_c,
          glass_columns_a, kennysheep_generic_room_14
D:4:      layout_loops_cross, nicolae_overflow_hidden_temple,
          minmay_temple_entry_offerings, minivault_23, minmay_fractal_squares_5,
          uniq_eustachio
D:5:      layout_loops_ring, uniq_edmund, uniq_menkaure, uniq_grinder,
          uniq_sigmund
D:6:      layout_loops_ring, kennysheep_little_box, uniq_pikel
D:7:      layout_basic, enter_bailey_8
Temple:   minmay_temple_bridge_d

Notes
Turn   | Place    | Note
-------+----------+-------------------------------------------
     0 | D:1      | Dracia the Draconian Transmuter began the quest for the
                  | Orb.
     0 | D:1      | Reached XP level 1. HP: 16/16 MP: 3/3
   199 | D:1      | Reached XP level 2. HP: 21/23 MP: 3/5
   220 | D:1      | Learned a level 2 spell: Wereblood
   670 | D:1      | You fall into a shaft and drop 1 floor!
   715 | D:2      | Reached skill level 4 in Unarmed Combat
   715 | D:2      | Reached XP level 3. HP: 14/28 MP: 6/6
  1190 | D:2      | Noticed Jessica
  1199 | D:2      | Killed Jessica
  1199 | D:2      | Reached XP level 4. HP: 31/35 MP: 5/7
  1241 | D:2      | Reached skill level 3 in Transmutations
  1246 | D:2      | Learned a level 3 spell: Spider Form
  1852 | D:2      | Found a runed translucent door.
  1853 | D:2      | Noticed Crazy Yiuf
  2370 | D:2      | Killed Crazy Yiuf
  2370 | D:2      | Reached skill level 5 in Unarmed Combat
  2370 | D:2      | Reached XP level 5. HP: 40/40 MP: 4/8
  3507 | D:4      | Noticed an ogre
  3533 | D:4      | Killed an ogre
  3533 | D:4      | Reached skill level 4 in Transmutations
  3533 | D:4      | Reached XP level 6. HP: 13/47 MP: 6/9
  3539 | D:4      | Reached skill level 6 in Unarmed Combat
  4016 | D:4      | Found a hide-covered altar of Uskayaw.
  4016 | D:4      | Found a snail-covered altar of Cheibriados.
  4021 | D:4      | Noticed Eustachio
  4056 | D:4      | Killed Eustachio
  4056 | D:4      | Reached skill level 7 in Unarmed Combat
  4056 | D:4      | Reached skill level 5 in Transmutations
  4056 | D:4      | Your scales start taking on a glossy black colour.
  4056 | D:4      | Reached XP level 7. HP: 12/52 MP: 10/10
  4056 | D:4      | Gained mutation: You are resistant to electric shocks.
                  | (rElec) [Black Draconian growth]
  4314 | D:4      | Learned a level 4 spell: Ice Form
  4514 | D:4      | Reached skill level 6 in Transmutations
  4746 | D:4      | Found a staircase to the Ecumenical Temple.
  4768 | D:4      | Identified Gisatutsy's Disquisition on Cloudy Sinister
                  | Rites
  4778 | Temple   | Entered the Ecumenical Temple
  5133 | Temple   | Became a worshipper of the Wu Jian Council
  5353 | D:4      | Found a basalt altar of Yredelemnul.
  5458 | D:5      | Entered Level 5 of the Dungeon
  5570 | D:5      | Noticed Grinder
  5574 | D:5      | Paralysed by Grinder for 2 turns
  5584 | D:5      | Killed Grinder
  5584 | D:5      | Reached skill level 7 in Transmutations
  5584 | D:5      | Reached skill level 3 in Spellcasting
  5584 | D:5      | Reached XP level 8. HP: 51/59 MP: 10/13
  5597 | D:5      | Reached skill level 1 in Poison Magic
  5634 | D:5      | Noticed Menkaure
  5640 | D:5      | Killed Menkaure
  5640 | D:5      | Reached skill level 2 in Poison Magic
  5824 | D:5      | Noticed Sigmund
  5852 | D:5      | Killed Sigmund
  5852 | D:5      | Reached skill level 4 in Poison Magic
  6190 | D:5      | Noticed Edmund
  6569 | D:5      | Killed Edmund
  6569 | D:5      | Reached skill level 5 in Poison Magic
  6733 | D:6      | Noticed Pikel
  6844 | D:6      | Killed Pikel
  6844 | D:6      | Reached skill level 7 in Poison Magic
  6844 | D:6      | Reached skill level 2 in Fighting
  6844 | D:6      | Reached XP level 9. HP: 67/68 MP: 14/14
  7083 | D:6      | Reached skill level 3 in Fighting
  7129 | D:6      | Found a sacrificial altar of Ru.
  7235 | D:6      | Reached * piety under Wu Jian
  7514 | D:6      | Reached skill level 4 in Fighting
  7700 | D:7      | HP: 2/71 [killer bee (8)]
  7704 | D:7      | Slain by a killer bee

Vanquished Creatures
  Pikel (D:6)
  Grinder (D:5)
  Sigmund (D:5)
  Eustachio (D:4)
  Edmund (D:5)
  Menkaure (D:5)
  A water moccasin (D:6)
  4 phantoms
  An ice beast (D:6)
  3 ogres
  2 lemures (D:6)
  2 scorpions
  A howler monkey (D:3)
  A bullfrog zombie (D:6)
  A bullfrog skeleton (D:4)
  3 hounds
  2 orc priests
  Crazy Yiuf (D:2)
  Jessica (D:2)
  4 worker ants (D:4)
  An iguana (D:4)
  An orc wizard (D:4)
  A hound zombie (D:6)
  A howler monkey skeleton (D:5)
  11 adders
  An ooze (D:2)
  An adder skeleton (D:4)
  An adder zombie (D:6)
  2 worms (D:2)
  2 dart slugs
  2 leopard geckos
  14 orcs
  7 bats
  3 giant cockroaches
  8 goblins
  8 hobgoblins
  10 jackals
  9 kobolds
  5 quokkas
  A ball python (D:1)
  6 frilled lizards
  3 leopard gecko skeletons (D:4)
  A quokka skeleton (D:6)
  A quokka zombie (D:6)
  4 rats
137 creatures vanquished.

Table legend: (Time is in decaauts)
 A = Elapsed time spent in this place.
 B = Non-inter-level travel time spent in this place.
 C = Inter-level travel time spent in this place.
 D = Time resting spent in this place.
 E = Time spent auto-exploring this place.
 F = Levels seen in this place.
 G = Mean time per level.
                   A        B        C        D        E       F      G
               +--------+--------+--------+--------+--------+-----+--------+
         Total |   7648 |   7302 |    346 |   1006 |   5093 |   8 |  956.0 |
       Dungeon |   7221 |   7021 |    200 |   1006 |   4814 |   7 | 1031.6 |
        Temple |    426 |    280 |    146 |      0 |    279 |   1 |  426.0 |
               +--------+--------+--------+--------+--------+-----+--------+

Top non-repeatable levels by time:
     D:2: 1791 daAuts
     D:4: 1493 daAuts
     D:5: 1236 daAuts
     D:3: 1051 daAuts
     D:6: 875 daAuts
     D:1: 669 daAuts
  Temple: 426 daAuts
     D:7: 103 daAuts

Table legend:
 A = Non-vault XP
 B = Vault XP
 C = Vault XP percentage of total XP
 D = Non-vault monster count
 E = Vault monster count
 F = Vault count percentage of total count
                 A         B        C        D         E       F
            +---------+---------+-------+---------+---------+-------
      Total |    2010 |    1987 |  49.7 |     122 |      13 |   9.6
            +---------+---------+-------+---------+---------+-------
        D:1 |      36 |       0 |   0.0 |      20 |       0 |   0.0
        D:2 |     104 |      77 |  42.5 |      25 |       2 |   7.4
        D:3 |      95 |       0 |   0.0 |      20 |       0 |   0.0
        D:4 |     495 |     394 |  44.3 |      22 |       6 |  21.4
        D:5 |     413 |     843 |  67.1 |      16 |       4 |  20.0
        D:6 |     724 |     673 |  48.2 |      16 |       1 |   5.9
        D:7 |     143 |       0 |   0.0 |       3 |       0 |   0.0
            +---------+---------+-------+---------+---------+-------
